 Dungeon Crawl Stone Soup version 0.31-a0-187-gba352fbbf7 (webtiles) character file.

Game seed: 11376420422671797246

127 innerfire43 the Chopper (level 4, -1/37 HPs)
             Began as a Demonspawn Monk on June 22, 2023.
             Was an Elder of Nemelex Xobeh.
             Killed by nerve-wracking pain
             ... invoked by Menkaure
              (13 damage)
             ... on level 4 of the Dungeon.
             The game lasted 00:03:14 (2022 turns).

innerfire43 the Chopper (Demonspawn Monk)           Turns: 2022, Time: 00:03:14

Health: -1/37      AC:  4    Str: 12 (14) XL:     4   Next: 85%
Magic:  4/4        EV: 13    Int:  9 (11) God:    Nemelex Xobeh [****..]
Gold:   61         SH:  0    Dex: 13 (15) Spells: 3/3 levels left

rFire   . . .        a - +1 hand axe
rCold   . . .        d - orb {light}
rNeg    . . .        b - +0 robe
rPois   .            s - +0 helmet
rElec   .            i - +0 cloak
rCorr   .            (no gloves)
SInv    .            (no boots)
Will    .....        (no amulet)
Stlth   +            (no ring)
HPRegen 0.26/turn    (no ring)
MPRegen 0.18/turn

%: no passive effects
@: confused, ambrosia-drunk, glowing
A: large bone plates 2, magic regeneration
a: Renounce Religion, Draw Escape, Draw Destruction, Draw Summoning, Triple
Draw, Deal Four


You were on level 4 of the Dungeon.
You worshipped Nemelex Xobeh.
Nemelex Xobeh was greatly pleased with you.
You visited 1 branch of the dungeon, and saw 6 of its levels.

You collected 61 gold pieces.

Inventory:

Hand Weapons
 a - a +1 hand axe (weapon)
Armour
 b - a +0 robe (worn)
 d - an orb of light (worn)
 i - a +0 cloak (worn)
 s - a +0 helmet (worn)
Wands
 c - a wand of polymorph (6)
Scrolls
 g - a scroll of identify
 h - a scroll of teleportation
 j - a scroll of noise
 k - a scroll of fog {unknown}
 m - a scroll of poison
 n - a scroll of fear
 o - a scroll of immolation
Potions
 e - 5 potions of degeneration
 f - a potion of ambrosia
 l - a potion of heal wounds {unknown}
 p - a potion of might {unknown}


   Skills:
 + Level 3.7 Fighting
 + Level 3.9 Axes
 + Level 3.5 Dodging
 + Level 0.2 Stealth
 + Level 0.2 Shields
 + Level 0.1 Unarmed Combat


You had 3 spell levels left.
You didn't know any spells.
Your spell library was empty.

Dungeon Overview and Level Annotations

Branches:
Dungeon (6/15)
 Temple: D:4-7

Altars:
Nemelex Xobeh

Shops:
D:2 =

Annotations:
D:4 Menkaure
D:5 Sigmund


Innate Abilities, Weirdness & Mutations

You are mostly covered in large bone plates. (SH +6)
You regenerate magic rapidly.


Message History

Sigmund gestures at you while chanting.
You are confused.
Sigmund points at you and mumbles some strange words.
The magic dart hits you but does no damage.
There is a stone staircase leading up here.
Menkaure hits you.
You climb upwards.
You hear the hiss of flowing sand.
There is an entrance to an ossuary on this level.
Hurry and find it before the portal is buried!
The kobold shouts!
Found a silvery potion and 7 gold pieces.
There is a stone staircase leading down here.
You are too confused!
You are too confused!
You are too confused!
Unknown command.
You hit Menkaure.
Menkaure is lightly damaged.
Menkaure misses you.
A hound comes into view.
Menkaure grins.
Menkaure barely misses you. Menkaure attacks as you move away!
Menkaure barely misses you.
Menkaure calls on the powers of darkness!
Your body is wracked with pain!
The hound convulses!
The kobold convulses!
You feel less confused. Menkaure barely misses you.
You hit Menkaure.
Menkaure is lightly damaged.
Menkaure points at you and mumbles some strange words.
Pain shoots through your body!
* * * LOW HITPOINT WARNING * * *
Menkaure shouts, "You disturbed my rest!
Die!"
You block Menkaure's attack.
You are confused.
You feel invigorated. Menkaure casts a spell at you.
Pain shoots through your body!
You die...
Your body glows with a rainbow of weird colours and disappears.

#..... #....#
#....# #....#
######....#
........K.#
..........###.##
.......>h.......
.......M@#....#
.........+ ..#
##.....!.# #
#.......$
##+#####.. ...
.... .....
......


You could see Menkaure (fast), a hound and a kobold.

Vanquished Creatures
  A jelly (D:5)
  Robin (D:2)
  An adder (D:2)
  2 worms
  A dart slug (D:2)
  7 endoplasms
  5 giant cockroaches (D:2)
  10 goblins
  8 hobgoblins
  5 jackals
  5 ball pythons
  3 bats
  3 frilled lizards (D:2)
  9 kobolds
  2 rats (D:1)
63 creatures vanquished.

Notes
Turn   | Place    | Note
-------+----------+-------------------------------------------
     0 | D:1      | innerfire43 the Demonspawn Monk began the quest for the
                  | Orb.
     0 | D:1      | Reached XP level 1. HP: 18/18 MP: 1/1
   178 | D:1      | Found a faded altar of an unknown god.
   257 | D:1      | Prayed at the altar of an unknown god.
   257 | D:1      | Became a worshipper of Nemelex Xobeh the Trickster
   257 | D:1      | Reached * piety under Nemelex Xobeh
   257 | D:1      | Received a gift from Nemelex Xobeh
   257 | D:1      | Reached ** piety under Nemelex Xobeh
   257 | D:1      | Received a gift from Nemelex Xobeh
   386 | D:1      | Gained mutation: You regenerate magic rapidly. [demonic
                  | ancestry]
   386 | D:1      | Reached XP level 2. HP: 24/24 MP: 2/2
   481 | D:1      | Reached *** piety under Nemelex Xobeh
   919 | D:2      | Gained mutation: You are partially covered in large bone
                  | plates. (SH +4) [demonic ancestry]
   919 | D:2      | Reached XP level 3. HP: 25/29 MP: 3/3
  1164 | D:2      | Received a gift from Nemelex Xobeh
  1450 | D:2      | Found Licolat's Jewellery Shoppe.
  1528 | D:2      | Gained mutation: You are mostly covered in large bone
                  | plates. (SH +6) [demonic ancestry]
  1528 | D:2      | Reached XP level 4. HP: 35/35 MP: 4/4
  1669 | D:3      | Noticed Robin
  1691 | D:2      | Killed Robin
  1880 | D:3      | Reached **** piety under Nemelex Xobeh
  1931 | D:3      | You fall into a shaft and drop 3 floors!
  1935 | D:5      | Entered Level 5 of the Dungeon
  2001 | D:5      | Received a gift from Nemelex Xobeh
  2007 | D:5      | Noticed Sigmund
  2009 | D:5      | Noticed Menkaure
  2022 | D:4      | Killed from afar by Menkaure

Illustrated notes

Levels and vault maps discovered:
D:1:      psy_arrival_radial02, layout_basic,
          hellmonk_ecumenical_altar_pennies_from_heaven
D:2:      layout_loops_ring, serial_shops, nicolae_shop_behind_doors
D:3:      layout_basic, mainiacjoe_overflow_tiny_flanked,
          chequers_serial_rivers_micro_e, uniq_robin
D:4:      layout_gridville, minmay_temple_entry_water_ring, enter_ossuary_4,
          uniq_duvessa
D:5:      layout_cave_pods, grunt_temple_overflow_champion_of_chaos,
          portal_sewer_entry_b, nicolae_the_louvre, uniq_menkaure, uniq_sigmund,
          uniq_prince_ribbit1
D:6:      layout_rooms, serial_shops, shop_fountains, shop,
          nicolae_stop_n_shop_2, shop, minivault_1, kennysheep_big_empty_room

Skill      XL: |  1  2 |
---------------+-------+-----
Dodging        | 3 |  3.5
Axes           | 3 |  3.9
Fighting       | |  3.7
Stealth        | |  0.2
Shields        | |  0.2
Unarmed Combat | |  0.1

Action                     |  1- 3 |  4- 6 || total
---------------------------+-------+-------++-------
  Melee: Hand axe          |   109 |    32 ||   141
         Unarmed           |       |     6 ||     6
    Use: Scroll            |       |     9 ||     9
         Potion            |       |     3 ||     3
 Armour: Robe              |    14 |     9 ||    23
         Skin              |       |     6 ||     6
  Dodge: Dodged            |    92 |    29 ||   121
  Block: Orb               |     6 |     5 ||    11

Table legend: (Time is in decaauts)
 A = Elapsed time spent in this place.
 B = Non-inter-level travel time spent in this place.
 C = Inter-level travel time spent in this place.
 D = Time resting spent in this place.
 E = Time spent auto-exploring this place.
 F = Levels seen in this place.
 G = Mean time per level.
                   A        B        C        D        E       F      G
               +--------+--------+--------+--------+--------+-----+--------+
         Total |   2044 |   1958 |     86 |      0 |   1524 |   6 |  340.7 |
       Dungeon |   2044 |   1958 |     86 |      0 |   1524 |   6 |  340.7 |
               +--------+--------+--------+--------+--------+-----+--------+

Top non-repeatable levels by time:
     D:2: 917 daAuts
     D:1: 846 daAuts
     D:3: 189 daAuts
     D:5: 81 daAuts
     D:4: 6 daAuts
     D:6: 3 daAuts
